Map: Prion Terraces

Players

xKawaiian

  • Race: Terran Terran
  • League: Master

PSiArc - Winner!

  • Race: Terran Terran
  • League: Grandmaster

VOD

Have the link to the VOD?

Description

Time

  • Played on: Jan. 10, 2016, 5:53 p.m.
  • Length: 5:44
Show
View Real Time Build Order
Export as new Build Order

xKawaiian Terran 

Build Orders: 1/1/1, Cyclone Opening 

Get SALT Encoding   

  12  0:00  SCV  
  13  0:13  SCV  
  14  0:17  Supply Depot  
  14  0:25  SCV  
  15  0:39  SCV, Barracks  
  16  0:45  Refinery  
  16  0:51  SCV  
  16  0:53  Refinery  
  17  1:03  SCV  
  18  1:15  SCV  
  19  1:26  Marine  
  19  1:28  Orbital Command  
  20  1:33  Factory  
  20  1:42  Supply Depot  
  20  1:46  Marine  
  21  1:54  SCV  
  22  2:04  Marine  
  22  2:06  SCV  
  24  2:16  Starport  
  24  2:17  Factory Tech Lab  
  24  2:18  SCV  
  24  2:21  Marine  
  26  2:25  Supply Depot  
  26  2:31  SCV  
  27  2:38  Cyclone  
  27  2:39  Marine  
  31  2:46  SCV  
  32  2:53  Medivac  
  32  2:57  Supply Depot  
  32  2:58  Marine  
  35  3:06  SCV  
  35  3:11  Siege Tank  
  39  3:18  SCV, Liberator  
  39  3:19  Marine  
  41  3:30  SCV  
  41  3:33  Supply Depot  
  42  3:36  Marine  
  42  3:41  Supply Depot  
  46  3:42  SCV  
  47  3:54  SCV, Marine  
  48  4:07  SCV, Siege Tank  
  50  4:12  Supply Depot, Marine  
  50  4:30  Marine  
  35  4:39  Siege Tank  
  32  4:48  Marine  
  25  5:05  Marine  
  25  5:16  SCV  
  26  5:23  Marine  
  26  5:28  SCV  
Show
View Real Time Build Order
Export as new Build Order

PSiArc Terran - Winner!

Build Orders:  

Get SALT Encoding   

  12  0:01  SCV  
  13  0:13  SCV  
  14  0:17  Supply Depot  
  14  0:25  SCV  
  15  0:33  Refinery  
  15  0:39  SCV  
  16  0:45  Barracks  
  16  0:51  SCV  
  17  1:03  SCV  
  18  1:05  Barracks  
  18  1:12  Refinery  
  18  1:16  SCV  
  19  1:32  Orbital Command  
  19  1:34  Reaper  
  20  1:46  Factory  
  20  1:55  Supply Depot  
  20  1:59  Reaper  
  21  2:04  SCV  
  22  2:08  Reaper  
  23  2:17  SCV  
  24  2:26  Supply Depot  
  24  2:31  Hellion  
  24  2:32  SCV, Reaper  
  28  2:42  Starport  
  28  2:44  Reaper  
  28  2:47  SCV  
  30  2:56  Hellion  
  32  2:59  SCV  
  33  3:06  Supply Depot, Reaper  
  33  3:12  SCV  
  35  3:20  Medivac  
  35  3:25  SCV  
  38  3:28  Hellion, Marine  
  41  3:37  Engineering Bay  
  41  3:38  SCV  
  41  3:40  Supply Depot  
  42  3:50  SCV  
  43  3:57  Viking  
  44  4:05  SCV  
  44  4:07  Marine  
  44  4:08  Hellion, Marine  
  49  4:21  Liberator  
  44  4:56  Marine x2  
  45  5:04  Factory Tech Lab  
  45  5:07  Command Center  
  45  5:16  Barracks Tech Lab  
  45  5:17  Barracks Reactor, SCV  
  45  5:21  Supply Depot  
Tags
 
Add a new tag
Caveats
  • Supply blocks, unpowered buildings, or Contaminate may cause inaccurate times.
  • Supply counts are checked every 10 seconds.